 Dungeon Crawl Stone Soup version 0.29-a0-322-g68df515428 (webtiles) character file.

Game seed: 13686289590681641841

3942 Murumi the Fighter (level 10, -1/115 HPs)
             Began as an Ogre Chaos Knight on Apr 8, 2022.
             Was a Plaything of Xom.
             Slain by a yak (12 damage)
             ... on level 7 of the Dungeon.
             The game lasted 00:34:38 (9055 turns).

Murumi the Fighter (Ogre Chaos Knight)              Turns: 9055, Time: 00:34:38

Health: -1/115     AC: 11    Str: 22    XL:     10   Next: 21%
Magic:  16/16      EV: 11    Int: 17    God:    Xom [......]
Gold:   189        SH:  0    Dex: 10    Spells: 14/17 levels left

rFire   . . .      SeeInvis .   m - +1 whip (chaos)
rCold   + . .      Faith    .   (no shield)
rNeg    . . .      Spirit   .   u - +6 acid dragon scales "Ruogyn" {rElec rCorr Slay+2}
rPois   +          Reflect  .   (helmet restricted)
rElec   +          Harm     .   a - +0 cloak
rCorr   +          Rampage  .   (gloves unavailable)
Will    ++...      Clarity  +   (boots unavailable)
Stlth   +.........              (no amulet)
HPRegen 0.29/turn               i - ring of flight
MPRegen 0.15/turn               (no ring)

@: mighty, lethally poisoned (-1 -> -5), flying, hasted and slowed
A: large, unfitting armour, tough skin 1, agile 1, clarity, clever 2, cold
resistance 1, deformed body, strong-willed 1, poison resistance, wild magic 1,
evolution 1, MP-powered wands
a: Renounce Religion


You were on level 7 of the Dungeon.
You worshipped Xom.
You were a very special plaything of Xom.
You visited 1 branch of the dungeon, and saw 7 of its levels.
You also visited: Sewer.

You collected 336 gold pieces.
You spent 147 gold pieces at shops.

Inventory:

Hand Weapons
 m - a +1 whip of chaos (weapon)
 p - a +0 giant spiked club
Armour
 a - a +0 cloak (worn)
 u - the +6 acid dragon scales "Ruogyn" (worn) {rElec rCorr Slay+2}
   (You acquired it on level 5 of the Dungeon)

   Slay:      It affects your accuracy & damage with ranged weapons and melee
   (+2).
   rElec:     It insulates you from electricity.
   rCorr:     It protects you from acid and corrosion.
Jewellery
 i - a ring of flight (left hand)
Wands
 o - a wand of paralysis (9)
 q - a wand of flame (23)
 w - a wand of mindburst (5)
Scrolls
 n - 2 scrolls of teleportation
 s - a scroll of enchant armour
 v - a scroll of magic mapping
 x - a scroll of identify
Potions
 b - a potion of haste
 d - 4 potions of heal wounds
 e - 2 potions of cancellation
 f - a potion of berserk rage
 g - a potion of might
 h - 3 potions of curing
 j - 3 potions of attraction
 k - 6 potions of brilliance
 t - a potion of lignification {unknown}
Miscellaneous
 c - a piece from Xom's chessboard (15/15) (quivered)
 r - a phantom mirror (inert)


   Skills:
 - Level 12.0 Fighting
 + Level 6.7 Maces & Flails
 - Level 2.0 Armour
 - Level 6.0 Dodging
 - Level 2.0 Stealth
 - Level 4.0 Spellcasting
 - Level 3.0 Ice Magic
 - Level 2.0 Evocations


You had 14 spell levels left.
You knew the following spells:

 Your Spells              Type           Power      Damage    Failure   Level
a - Ozocubu's Armour      Ice            17%        N/A       24%         3

Your spell library contained the following spells:

 Spells                   Type           Power      Damage    Failure   Level
 Foxfire                  Conj/Fire      16%        2x1d4     28%         1
 Magic Dart               Conj           16%        1d3       28%         1
 Blink                    Tloc           8%         N/A       38%         2
 Call Imp                 Summ           4%         N/A       38%         2
 Conjure Flame            Conj/Fire      4%         6-21      61%         3
 Inner Flame              Hex/Fire       4%         N/A       61%         3
 Lesser Beckoning         Tloc           4%         N/A       61%         3
 Mephitic Cloud           Conj/Pois/Air  4%         N/A       61%         3
 Flame Wave               Conj/Fire      4%         2d5       93%         4
 Metabolic Englaciation   Hex/Ice        5%         N/A       98%         5
 Manifold Assault         Tloc           4%         N/A       100%        5
 Simulacrum               Ice/Necr       5%         N/A       100%        6


Dungeon Overview and Level Annotations

Branches:
Dungeon (7/15)             Temple (0/1) D:4           Sewer (visited)

Altars:
Dithmenos
Gozag
Nemelex Xobeh
Vehumet
Xom
Zin
The Shining One

Shops:
D:3 *(?[   D:6 *   D:7 (


Innate Abilities, Weirdness & Mutations

You are too large for most types of armour.
You have tough skin. (AC +1)
You are agile. (Dex +2)
You possess an exceptional clarity of mind.
Your mind is very acute. (Int +4)
Your flesh is cold resistant. (rC+)
Armour fits poorly on your strangely shaped body.
You are strong-willed. (Will+)
Your system is resistant to poisons. (rPois)
Your spells are a little harder to cast, but a little more powerful.
You have hidden genetic potential.
You expend magic power (3 MP) to strengthen your wands.


Message History

Reactivating autopickup.
You feel a bit more experienced.
Deactivating autopickup; reactivate with Ctrl-A.
You barely miss something. You closely miss something.
The kobold brigand throws a curare-tipped dart.
The curare-tipped dart hits you.
You are poisoned.
You have difficulty breathing.
* * * LOW HITPOINT WARNING * * *
You feel as though you will be slow longer.
Something hits you.
* * * LOW HITPOINT WARNING * * *
You hit something.
You feel sick. Something hits you but does no damage.
You whack something!
You feel sick. Something hits you but does no damage.
The kobold brigand throws a curare-tipped dart.
The curare-tipped dart hits you.
You feel a genetic drift.
You feel stronger.
You barely miss something.
You feel sick.
You whack something!
Reactivating autopickup.
You feel a bit more experienced.
You feel sick.
The kobold brigand throws a curare-tipped dart.
The curare-tipped dart hits you.
You are more poisoned.
You have difficulty breathing.
* * * LOW HITPOINT WARNING * * *
You feel as though you will be slow longer.
You hit the orc.
The orc flickers and vanishes!
Deactivating autopickup; reactivate with Ctrl-A.
You feel sick.
You hit the yak but do no damage.
You feel sick.
You whack the yak!
The yak is moderately wounded.
You feel sick.
You closely miss the yak.
The yak is moderately wounded.
You feel sick. The yak gores you!
You die...
Xom guffaws!

......... ########.
#####' #..... #.....
#..... #..... #+#
#####' #@###### #.
#####Y#K...######## #.
....o{KK.....!....# #.
....ooK........<..# #.
..................# #.
....).............# #'
.................####'
......>.....$.Y...#....
......K..........#.⌠..


You could see a yak, a kobold brigand, 3 orcs and a kobold.

Vanquished Creatures
  The ghost of Dabor the Insei, a novice OpTm (D:4)
  A red devil (D:7)
  Grinder (D:5)
  Sigmund (D:2)
  A wraith (D:7)
  4 yaks (D:7)
  A water moccasin (D:7)
  An orc warrior (D:7)
  2 ogres (D:6)
  A sky beast (D:6)
  A centaur (D:3)
  A phantom (D:3)
  2 kobold brigands
  2 gnoll sergeants
  A bullfrog (D:7)
  2 scorpions (D:4)
  A necrophage (D:6)
  A crimson imp (D:4)
  A gnoll shaman (D:4)
  3 orc priests
  2 hounds
  A jelly (Sewer)
  Crazy Yiuf (D:2)
  Jessica (D:2)
  Terence (D:2)
  3 iguanas
  6 orc wizards
  8 gnolls
  4 adders
  3 river rats (Sewer)
  2 shadow imps
  An ufetubus (D:6)
  5 dart slugs
  16 orcs
  10 endoplasms
  7 giant cockroaches
  8 goblins
  7 hobgoblins
  2 jackals (D:1)
  5 quokkas
  5 ball pythons
  A bat (D:2)
  8 frilled lizards
  6 hobgoblin zombies (D:4)
  14 kobolds
  2 kobold skeletons (D:4)
  A kobold zombie (D:4)
  An orc skeleton (D:4)
  3 orc zombies (D:4)
  9 rats
172 creatures vanquished.

Vanquished Creatures (collateral kills)
  Pikel (D:7)
  Duvessa (D:5)
  Dowan (D:5)
  A jelly (D:3)
  A hound (D:5)
  3 gnolls (D:5)
  An orc (D:4)
  A kobold (D:7)
10 creatures vanquished.

Vanquished Creatures (others)
  A plant (D:7)
1 creature vanquished.

Grand Total: 183 creatures vanquished

Notes
Turn   | Place    | Note
-------+----------+-------------------------------------------
     0 | D:1      | Murumi the Ogre Chaos Knight began the quest for the Orb.
     0 | D:1      | Reached XP level 1. HP: 24/24 MP: 1/1
   199 | D:1      | Reached XP level 2. HP: 30/32 MP: 2/2
   594 | D:1      | XOM: divination: detect creatures
   613 | D:1      | XOM: divination: detect items
   648 | D:1      | XOM: divination: detect creatures
   667 | D:1      | Reached XP level 3. HP: 39/39 MP: 3/3
  1011 | D:1      | Reached skill level 1 in Armour
  1204 | D:1      | XOM: noise
  1267 | D:2      | Reached skill level 1 in Evocations
  1516 | D:2      | Noticed Terence
  1529 | D:2      | Killed Terence
  1530 | D:2      | Reached skill level 1 in Stealth
  1530 | D:2      | Reached XP level 4. HP: 23/49 MP: 4/4
  1609 | D:2      | XOM: silly message
  1759 | D:2      | Noticed Sigmund
  1775 | D:2      | XOM: enchant monster (good)
  1778 | D:2      | Killed Sigmund
  1779 | D:2      | Reached skill level 5 in Fighting
  1779 | D:2      | Reached skill level 6 in Fighting
  1779 | D:2      | Reached XP level 5. HP: 53/61 MP: 5/5
  1779 | D:2      | Reached XP level 6. HP: 59/68 MP: 6/6
  1797 | D:2      | Reached skill level 7 in Fighting
  1846 | D:2      | XOM: divination: detect items
  1874 | D:2      | Noticed Jessica
  1895 | D:2      | Killed Jessica
  1931 | D:2      | XOM: cloud trail
  2110 | D:2      | XOM: silly message
  2132 | D:2      | XOM: silly message
  2228 | D:2      | XOM: summons 1 hostile shadow creature
  2283 | D:2      | Found a runed translucent door.
  2284 | D:2      | Noticed Crazy Yiuf
  2402 | D:2      | XOM is BORED!
  2402 | D:2      | XOM: noise
  2478 | D:2      | Killed Crazy Yiuf
  2622 | D:3      | Reached skill level 8 in Fighting
  2641 | D:3      | Found a radiant altar of Vehumet.
  2642 | D:3      | XOM: 1-stop teleportation journey
  2649 | D:3      | Found Roboirrocw's Antique Armour Boutique.
  2649 | D:3      | Found Tibitakk's Antique Weapon Shop.
  2651 | D:3      | XOM: summons 2 friendly demons
  2724 | D:3      | Found Hareof's General Store.
  2734 | D:3      | Bought a potion of heal wounds for 55 gold pieces
  2892 | D:3      | Found a faded altar of an unknown god.
  2961 | D:3      | XOM: god gift: book of Winter
  2963 | D:3      | Reached XP level 7. HP: 65/80 MP: 7/7
  3247 | D:3      | Learned a level 3 spell: Ozocubu's Armour
  3306 | D:3      | Found Otavit's Magic Scroll Shop.
  3310 | D:3      | Bought a scroll of identify for 22 gold pieces
  3575 | D:3      | XOM: scenery: create altars
  3797 | D:4      | Reached skill level 1 in Spellcasting
  3886 | D:3      | Bought a scroll of identify for 22 gold pieces
  3902 | D:3      | XOM: god gift: plate armour {god gift}
  3967 | D:4      | Found a glowing golden altar of the Shining One.
  3970 | D:4      | Reached skill level 1 in Ice Magic
  3972 | D:4      | XOM: enchant monster (good)
  4093 | D:4      | Found a runed translucent door.
  4098 | D:4      | Noticed Dabor's ghost (novice OpTm)
  4103 | D:4      | XOM: cast spell 'Summon Small Mammal'
  4109 | D:4      | Killed Dabor's ghost
  4110 | D:4      | Reached XP level 8. HP: 75/89 MP: 9/12
  4123 | D:4      | XOM: noise
  4260 | D:4      | Found a staircase to the Ecumenical Temple.
  4273 | D:4      | Reached skill level 9 in Fighting
  4322 | D:4      | XOM: scenery: summon butterflies
  4329 | D:4      | XOM: cloud trail
  4767 | D:4      | XOM: give mutations
  4767 | D:4      | Gained mutation: You expend magic power (3 MP) to
                  | strengthen your wands. [Xom's mischief]
  4767 | D:4      | Gained mutation: You are frail. (-10% HP) [Xom's mischief]
  4767 | D:4      | Gained mutation: You are weak. (Str -2) [Xom's mischief]
  4767 | D:4      | Gained mutation: Armour fits poorly on your strangely
                  | shaped body. [Xom's mischief]
  4768 | D:4      | Lost mutation: You are frail. (-10% HP) [potion of
                  | mutation]
  4768 | D:4      | Lost mutation: You expend magic power (3 MP) to strengthen
                  | your wands. [potion of mutation]
  4768 | D:4      | Gained mutation: Your mind is acute. (Int +2) [potion of
                  | mutation]
  4768 | D:4      | Gained mutation: You are very weak. (Str -4) [potion of
                  | mutation]
  4768 | D:4      | Gained mutation: You have a somewhat thin skeletal
                  | structure. (Dex +2, Stealth+) [potion of mutation]
  5104 | D:5      | Entered Level 5 of the Dungeon
  5118 | D:4      | XOM: give mutation
  5118 | D:4      | Gained mutation: You have hidden genetic potential. [Xom's
                  | grace]
  5150 | D:4      | XOM: silly message
  5324 | D:5      | Found a large runed translucent door.
  5324 | D:5      | Found a large runed translucent door.
  5351 | D:5      | XOM: smoke on damage
  5371 | D:5      | Found an opulent altar of Gozag.
  5372 | D:5      | Found a sparkling altar of Nemelex Xobeh.
  5405 | D:5      | XOM: noise
  5406 | D:5      | XOM: potion effect (heal wounds)
  5512 | D:5      | Identified the +9 rapier of Noon {chaos, rPois rN+ Int+3}
  5530 | D:5      | Found a shimmering altar of Xom.
  5553 | D:5      | Found a glowing drain.
  5557 | Sewer    | Entered a sewer
  5625 | Sewer    | XOM: silly message
  5724 | Sewer    | Found a viscous altar of Jiyva.
  5885 | D:5      | Noticed Dowan
  5886 | D:5      | Noticed Duvessa
  5890 | D:5      | XOM: summons friendly orange demon
  5900 | D:5      | Killed Duvessa
  5901 | D:5      | Reached skill level 5 in Maces & Flails
  5904 | D:5      | Killed Dowan
  6010 | D:5      | Identified a scroll of acquirement
  6010 | D:5      | Acquired the +6 acid dragon scales "Ruogyn" {rElec rCorr
                  | Slay+2}
  6060 | D:5      | Noticed Grinder
  6065 | D:5      | Killed Grinder
  6066 | D:5      | Reached skill level 5 in Dodging
  6066 | D:5      | Reached XP level 9. HP: 92/98 MP: 13/13
  6066 | D:5      | Lost mutation: Your mind is acute. (Int +2) [potion of
                  | mutation]
  6066 | D:5      | Lost mutation: You have a somewhat thin skeletal structure.
                  | (Dex +2, Stealth+) [potion of mutation]
  6066 | D:5      | Lost mutation: You are very weak. (Str -4) [potion of
                  | mutation]
  6066 | D:5      | Gained mutation: You are partially covered in iridescent
                  | scales. (AC +2) [potion of mutation]
  6066 | D:5      | Lost mutation: You are partially covered in iridescent
                  | scales. (AC +2) [potion of mutation]
  6066 | D:5      | Gained mutation: Your system is resistant to poisons.
                  | (rPois) [potion of mutation]
  6200 | D:5      | XOM: give mutations
  6200 | D:5      | Gained mutation: You have great hidden genetic potential.
                  | [Xom's grace]
  6200 | D:5      | Gained mutation: You are strong-willed. (Will+) [Xom's
                  | grace]
  6200 | D:5      | Gained mutation: You possess an exceptional clarity of
                  | mind. [Xom's grace]
  6200 | D:5      | Lost mutation: You have great hidden genetic potential.
                  | [Xom's grace]
  6200 | D:5      | Lost mutation: You have hidden genetic potential. [Xom's
                  | grace]
  6200 | D:5      | Gained mutation: You are somewhat resistant to further
                  | mutation. [Xom's grace]
  6269 | D:5      | XOM: divination: detect creatures
  6464 | D:5      | XOM: scenery: 1 doors close
  6675 | D:5      | XOM: scenery: 2 doors close
  6855 | D:5      | Reached skill level 10 in Fighting
  7099 | D:6      | XOM: 3-stop teleportation journey
  7559 | D:6      | XOM: fog
  7567 | D:6      | HP: 4/101 [something (7)]
  7654 | D:6      | XOM: give mutations
  7654 | D:6      | Gained mutation: Your flesh is cold resistant. (rC+) [Xom's
                  | grace]
  7654 | D:6      | Gained mutation: You expend magic power (3 MP) to
                  | strengthen your wands. [Xom's grace]
  7654 | D:6      | Gained mutation: Your mind is acute. (Int +2) [Xom's grace]
  8108 | D:6      | XOM: scenery: 1 doors close
  8200 | D:6      | XOM: scenery: 1 doors open
  8303 | D:6      | XOM: god gift: potion of flight
  8353 | D:6      | XOM: give mutations
  8353 | D:6      | Lost mutation: You are somewhat resistant to further
                  | mutation. [Xom's grace]
  8353 | D:6      | Gained mutation: You have hidden genetic potential. [Xom's
                  | grace]
  8353 | D:6      | Gained mutation: You are agile. (Dex +2) [Xom's grace]
  8353 | D:6      | Gained mutation: Your spells are a little harder to cast,
                  | but a little more powerful. [Xom's grace]
  8353 | D:6      | Gained mutation: Your mind is very acute. (Int +4) [Xom's
                  | grace]
  8412 | D:6      | Found a glowing silver altar of Zin.
  8412 | D:6      | Found a shadowy altar of Dithmenos.
  8519 | D:6      | Reached skill level 11 in Fighting
  8524 | D:6      | Found Riorhaal's General Store.
  8527 | D:6      | Bought a scroll of identify for 24 gold pieces
  8527 | D:6      | Bought a scroll of identify for 24 gold pieces
  8679 | D:6      | Identified the +3 shortbow "Spider's Curse" {flame, Int+3}
  8733 | D:7      | Noticed Pikel
  8734 | D:7      | XOM: confuse monster(s)
  8736 | D:7      | Noticed a red devil
  8736 | D:7      | a lemure changed into a red devil
  8736 | D:7      | XOM: polymorph lemure -> red devil
  8751 | D:7      | Killed a red devil
  8777 | D:7      | Killed Pikel
  8882 | D:7      | Found Sute's Hydra Hut.
  8894 | D:7      | Noticed a five-headed hydra
  8983 | D:7      | XOM: swap monsters
  8984 | D:7      | XOM: noise
  8987 | D:7      | XOM: noise
  8990 | D:7      | XOM: summons 1 friendly demon
  8996 | D:7      | XOM: torment (37/105 hp)
  8997 | D:7      | XOM: chaos upgrade
  9003 | D:7      | XOM: blink monster(s)
  9006 | D:7      | HP: 2/105 [yak (15)]
  9016 | D:7      | Reached XP level 10. HP: 16/114 MP: 14/16
  9024 | D:7      | HP: 5/115 [yak (2)]
  9026 | D:7      | Reached skill level 12 in Fighting
  9039 | D:7      | XOM: repel stairs
  9049 | D:7      | Lost mutation: You are weak. (Str -2) [hidden potential]
  9055 | D:7      | Slain by a yak

Illustrated notes

Levels and vault maps discovered:
D:1:      dpeg_arrival_rooms_c, layout_loops_ring,
          nicolae_concentric_dashed_squares_wild, minivault_14
D:2:      layout_rooms, uniq_crazy_yiuf_cottage, uniq_sigmund, uniq_terence,
          uniq_jessica
D:3:      layout_basic, vehumet_altar_wand_db, ebering_ecumenical_altar_mist,
          serial_shops, nicolae_square_shop, shop, nicolae_shop_behind_doors,
          shop, kennysheep_doodads, chequers_serial_rivers_small_a
D:4:      layout_rooms, nicolae_tso_besieged_by_evil,
          minmay_temple_entry_statues, ebering_ghost_reflecting_pool,
          kennysheep_cross_room, skrybe_limestone_x, minmay_cut_off
D:5:      due_chaos_kobolds, layout_basic, grunt_temple_overflow_opulence,
          gup_sewer_entry_bowl, uniq_grinder, uniq_duvessa
D:6:      layout_gridville, gammafunk_temple_overflow_wave, serial_shops,
          nicolae_shop_behind_doors
D:7:      layout_basic, minmay_fountain_box, amcnicky_mini_rare_corridor_liquid,
          doesnt_shop_hydraphobe, uniq_pikel

Skill      XL: |  1  2  3  4  5  6  7  8  9 10 |
---------------+-------------------------------+-----
Maces & Flails | 3 4 5 6 |  6.7
Dodging        | 3 4 5 6 |  6.0
Armour         | 1 2 |  2.0
Evocations     | 1 2 |  2.0
Stealth        | 1 2 |  2.0
Fighting       | 6 8 9 11 12 | 12.0
Spellcasting   | 3 4 |  4.0
Ice Magic      | 2 3 |  3.0

Action                   |  1- 3 |  4- 6 |  7- 9 | 10-12 || total
-------------------------+-------+-------+-------+-------++-------
Melee: Mace              |   107 |    44 |       |       ||   151
       Punch             |     2 |     1 |     2 |       ||     5
       Quarterstaff      |       |    27 |   198 |       ||   225
       Whip              |       |    20 |   158 |    35 ||   213
Evoke: Piece from Xom's  |     4 |     3 |       |       ||     7
       Phantom mirror    |       |       |     2 |       ||     2
       Wand              |       |       |     1 |       ||     1
  Use: Scroll            |     4 |     6 |    17 |       ||    27
       Potion            |       |       |     6 |     3 ||     9
 Stab: Paralysed         |       |    13 |     4 |       ||    17
       Distracted        |       |       |     1 |       ||     1
       Sleeping          |       |       |     7 |       ||     7
       Confused          |       |       |     2 |     1 ||     3
Armor: Robe              |    32 |    44 |    72 |       ||   148
       Acid dragon scale |       |       |    64 |     4 ||    68
Dodge: Dodged            |    55 |    33 |   159 |     5 ||   252

Table legend: (Time is in decaauts)
 A = Elapsed time spent in this place.
 B = Non-inter-level travel time spent in this place.
 C = Inter-level travel time spent in this place.
 D = Time resting spent in this place.
 E = Time spent auto-exploring this place.
 F = Levels seen in this place.
 G = Mean time per level.
                   A        B        C        D        E       F      G
               +--------+--------+--------+--------+--------+-----+--------+
         Total |   9098 |   8369 |    729 |    138 |   6636 |   8 | 1137.2 |
       Dungeon |   8795 |   8066 |    729 |    138 |   6438 |   7 | 1256.4 |
         Sewer |    303 |    303 |      0 |      0 |    198 |   1 |  303.0 |
               +--------+--------+--------+--------+--------+-----+--------+

Top non-repeatable levels by time:
     D:6: 1657 daAuts
     D:5: 1564 daAuts
     D:1: 1459 daAuts
     D:4: 1411 daAuts
     D:3: 1190 daAuts
     D:2: 1177 daAuts
     D:7: 335 daAuts
   Sewer: 303 daAuts
